 Dungeon Crawl Stone Soup version 0.27-a0-1188-g73eefd5def (webtiles) character file.

Game seed: 7896169579687852744

50645 flotson the Covert (level 14, -1/113 HPs)
             Began as a Gnoll Delver on May 20, 2021.
             Was a High Priest of Okawaru.
             Slain by a lindwurm (9 damage)
             ... summoned by Kirke
             ... on level 4 of the Lair of Beasts.
             The game lasted 00:41:20 (20110 turns).

flotson the Covert (Gnoll Delver)                  Turns: 20110, Time: 00:41:20

Health: -1/113     AC:  0    Str: 16    XL:     14   Next: 56%
Magic:  27/27      EV: 22    Int: 11    God:    Okawaru [*****.]
Gold:   178        SH:  0    Dex: 13    Spells: 31/31 levels left

rFire    . . .     SeeInvis .     - Unarmed
rCold    . . .     Faith    .   (shield currently unavailable)
rNeg     . . .     Spirit   .   (armour currently unavailable)
rPois    .         Reflect  .   (helmet currently unavailable)
rElec    .         Harm     .   (cloak currently unavailable)
rCorr    .         Rampage  .   (gloves currently unavailable)
Will     +....                  (boots currently unavailable)
Stlth    +++++++...             I - amulet of the acrobat
HPRegen  0.28/turn              (ring currently unavailable)
MPRegen  0.20/turn              (ring currently unavailable)

@: about to teleport, pig-form, heroic, very quick
A: fast, no casting, small, (fangs 1), strong nose, distributed training
a: Renounce Religion, Heroism, Finesse


You were on level 4 of the Lair of Beasts.
You worshipped Okawaru.
Okawaru was extremely pleased with you.
You were a filthy swine.
You visited 3 branches of the dungeon, and saw 20 of its levels.
You also visited: Volcano.

You collected 938 gold pieces.
You spent 760 gold pieces at shops.

Inventory:

Hand Weapons
 a - a +3 broad axe of freezing (melded)
 b - a +0 hand crossbow
Missiles
 e - 7 javelins
 t - a throwing net
 u - 3 curare-tipped darts
 w - 87 poisoned darts (quivered)
 B - 150 bolts
 T - 10 silver javelins
 X - 8 datura-tipped darts
Armour
 r - a +0 cloak (melded)
 v - a +1 pair of boots (melded)
 z - a +0 pair of gloves (melded)
 N - a +0 kite shield (melded)
 R - +0 fire dragon scales (melded)
 W - the +3 helmet of Makhleb's Outrage (melded) {rF+ Slay+2}
   (You bought it in a shop on level 11 of the Dungeon)

   It affects your accuracy and damage with ranged weapons and melee attacks
   (+2).
   It protects you from fire.
Jewellery
 p - a +6 ring of strength (melded)
 A - a +4 ring of slaying (melded)
 D - a +4 ring of protection
 I - an amulet of the acrobat (around neck)
 P - the ring of Optimism {Fly rF+ rCorr}
   (You found it on level 9 of the Dungeon)

   [ring of flight]

   It protects you from fire.
   It grants you flight.
   It protects you from acid and corrosion.
Wands
 g - a wand of digging (3)
 i - a wand of polymorph (7)
 q - a wand of paralysis (5)
 s - a wand of mindburst (26)
 J - a wand of acid (29)
 L - a wand of iceblast (25)
Scrolls
 c - 3 scrolls of fog
 j - 2 scrolls of holy word
 l - 3 scrolls of teleportation
 y - 7 scrolls of enchant armour
 G - a scroll of fear
 H - 2 scrolls of blinking
 S - 2 scrolls of identify
 U - a scroll of brand weapon
Potions
 d - 2 potions of attraction
 f - 4 potions of haste
 h - 6 potions of flight
 k - a potion of invisibility
 m - 5 potions of berserk rage
 n - 2 potions of lignification
 o - 5 potions of heal wounds
 x - a potion of mutation
 C - a potion of ambrosia
 F - 2 potions of curing
 Q - 2 potions of cancellation
 V - 2 potions of resistance
 Y - a potion of might
Miscellaneous
 E - a piece from Xom's chessboard (15/15)
 K - a lightning rod (4/4)
 M - a box of beasts
 O - a tin of tremorstones (2/2)


   Skills:
 + Level 11.2(16.2) Fighting
 + Level 9.3(14.3) Short Blades
 + Level 9.3(14.3) Long Blades
 + Level 9.3(14.3) Axes
 + Level 9.3(14.3) Maces & Flails
 + Level 10.3(15.3) Polearms
 + Level 9.3(14.3) Staves
 + Level 9.3(14.3) Slings
 + Level 9.3(14.3) Bows
 + Level 9.3(14.3) Crossbows
 + Level 9.3(14.3) Throwing
 + Level 9.3(14.3) Armour
 + Level 10.3(15.3) Dodging
 + Level 12.9(17.9) Stealth
 + Level 9.3(14.3) Shields
 + Level 9.3(14.3) Unarmed Combat
 + Level 9.3 Spellcasting
 + Level 7.8 Conjurations
 + Level 7.8 Hexes
 + Level 7.8 Summonings
 + Level 7.8 Necromancy
 + Level 7.8 Translocations
 + Level 7.8 Transmutations
 + Level 7.8 Fire Magic
 + Level 7.8 Ice Magic
 + Level 7.8 Air Magic
 + Level 7.8 Earth Magic
 + Level 7.8 Poison Magic
 + Level 10.1 Invocations
 + Level 9.3 Evocations


You had 31 spell levels left.
You didn't know any spells.
Your spell library contained the following spells:

 Spells                   Type           Power      Damage    Failure   Level
 Beastly Appendage        Tmut           44%        N/A       1%          1
 Foxfire                  Conj/Fire      88%        2x1d8     1%          1
 Freeze                   Ice            88%        1d10      1%          1
 Sandblast                Erth           44%        2d11      1%          1
 Passwall                 Tmut/Erth      18%        N/A       1%          2
 Wereblood                Tmut           22%        N/A       1%          2
 Conjure Flame            Conj/Fire      22%        6-21      1%          3
 Frozen Ramparts          Ice            44%        1d6       1%          3
 Inner Flame              Hex/Fire       22%        N/A       1%          3
 Ozocubu's Armour         Ice            22%        N/A       1%          3
 Spider Form              Tmut/Pois      11%        N/A       1%          3
 Stone Arrow              Conj/Erth      44%        3d9       1%          3
 Hailstorm                Conj/Ice       22%        3d7       5%          4
 Ice Form                 Ice/Tmut       22%        N/A       5%          4
 Petrify                  Tmut/Erth      22%        N/A       5%          4
 Sticky Flame             Conj/Fire      22%        2d4       5%          4
 Fireball                 Conj/Fire      11%        3d7       16%         5
 Hydra Form               Tmut           11%        N/A       16%         5
 Lee's Rapid Deconstruct  Erth           11%        3d9*      16%         5
 Metabolic Englaciation   Hex/Ice        11%        N/A       16%         5


Dungeon Overview and Level Annotations

Branches:
Dungeon (13/15)            Temple (1/1) D:7            Lair (6/6) D:11
 Spider (0/4) Lair:3          Orc (0/2) D:9         Volcano (visited)
  Swamp: Lair:2-4    Shoals: Lair:2-4     Slime: Lair:5-6    Vaults: D:13-14

Altars:
Ashenzari
Dithmenos
Elyvilon
Fedhas
Gozag
Hepliaklqana
Kikubaaqudgha
Makhleb
Okawaru
Qazlal
Ru
Sif Muna
Uskayaw
Vehumet
Wu Jian
Xom
Yredelemnul
Zin
The Shining One

Shops:
D:1 :   D:4 *   D:7 *   D:8 *   D:11 [   D:13 *

Annotations:
D:3 2 transporters, Dittersdorf's ghost, amateur GrFi
D:9 3 runed translucent doors, Dvallin's ghost, novice MiBe
Lair:1 1 runed translucent door, Alvadar's ghost, journeyman DgTm
Lair:4 Kirke
Lair:6 exclusion: 3 oklob plants


Innate Abilities, Weirdness & Mutations

You are a filthy swine.
You move quickly.
Your equipment is almost entirely melded.
You are incapable of wielding weapons or throwing items.
You cannot cast spells.
((You have very sharp teeth.))
Your uncanny sense of smell can sniff out nearby items.
Your experience applies equally to all skills.


Message History

Kirke summons a lindwurm!
You hit Kirke but do no damage.
Kirke is almost dead.
Kirke barely misses you.
You bite Kirke!
Kirke is almost dead.
The lindwurm breathes flames at you. The blast of flame misses you.
You hit Kirke but do no damage.
Kirke is almost dead.
Kirke says, "Can we stop fighting?
I have some good wine for you..."
Kirke casts a spell at herself.
Kirke flickers and vanishes!
Deactivating autopickup; reactivate with Ctrl-A.
The lindwurm bites you!! The lindwurm completely misses you.
The lindwurm barely misses you.
You barely miss something. Something hits you!
You closely miss something. The lindwurm bites you. The lindwurm claws you. x2
You miss something. Something completely misses you.
The lindwurm closely misses you. The lindwurm completely misses you.
The lindwurm misses you.
You miss something.
You hear some strange, mumbled words.
Something tries to affect you, but you resist.
The lindwurm misses you. The lindwurm closely misses you.
The lindwurm misses you.
You bite something! Something barely misses you.
You miss something. The lindwurm breathes flames at you.
The blast of flame misses you.
You bite something! Something hits you! The lindwurm bites you!
The lindwurm claws you. x2
You barely miss something. Something barely misses you. The lindwurm bites you!
* * * LOW HITPOINT WARNING * * *
The lindwurm misses you. x2
As you read the scroll of teleportation, it crumbles to dust.
You feel strangely unstable. Something hits you!!
* * * LOW HITPOINT WARNING * * *
The lindwurm bites you!
You die...

♣#.#.#P.♣ #
#'#'#### ..♣
♣......♣ . ..
♣♣ ♣......♣ ..
♣.♣.♣♣.....♣.♣
..♣
♣..♣..#..♣.♣
♣.(
♣♣..♣#♣..♣♣
♣.♣..Y♣k.♣♣
♣..♣ ♣...h{h♣♣
♣... ♣..♣♣♣♣♣
♣♣♣ # #####
###### ###
#...## #.....


You could see a lindwurm (summoned), a yak and a hog.

Vanquished Creatures
  A fire dragon (D:10)
  5 hydras
  2 boulder beetles
  A centaur warrior (D:9)
  4 two-headed ogres
  A hell hog (Volcano)
  A deep elf pyromancer (D:9)
  3 salamanders (Volcano)
  An ugly thing (D:8)
  13 elephants
  A cyclops (D:9)
  4 black mambas
  10 cane toads
  2 rime drakes
  2 kobold demonologists (D:11)
  6 komodo dragons
  3 trolls (D:10)
  A polar bear (Lair:3)
  28 blink frogs
  A meliai zombie (D:10)
  6 dream sheep (Lair:6)
  3 shadows
  3 wraiths
  4 wyverns
  50 yaks
  4 hogs (Lair:4)
  3 steam dragons
  5 basilisks
  4 fire bats
  5 vampire mosquitoes
  A two-headed ogre zombie (D:9)
  An acid dragon (D:8)
  14 water moccasins
  2 hell hounds (Volcano)
  A sky beast (D:5)
  3 orc warriors
  2 hornet zombies (D:7)
  3 black bears
  An ice beast (D:8)
  3 necrophages
  4 centaurs
  An ogre (D:5)
  10 wolves
  3 phantoms
  6 kobold brigands
  12 bullfrogs
  6 scorpions
  A water moccasin zombie (D:5)
  A wyvern skeleton (D:7)
  A water moccasin skeleton (D:4)
  A troll zombie (D:9)
  9 killer bees
  10 wights
  5 howler monkeys
  2 electric eels (D:10)
  2 lava snakes (D:11)
  A bullfrog zombie (D:5)
  4 centaur zombies
  A gnoll shaman (D:7)
  A bullfrog skeleton (D:5)
  2 orc priests
  Crazy Yiuf (D:2)
  3 centaur skeletons
  3 hounds
  4 iguanas
  8 orc wizards
  A hell rat (Lair:4)
  5 ogre zombies (D:9)
  2 hound skeletons (D:4)
  2 mummies (D:9)
  Robin (D:3)
  9 adders
  10 gnolls
  A white imp (D:8)
  2 adder skeletons (D:4)
  5 dart slugs
  3 worms (Lair:3)
  20 orcs
  8 endoplasms
  4 giant cockroaches (D:4)
  8 goblins
  14 hobgoblins
  5 jackals
  3 quokkas
  5 ball pythons
  6 bats
  4 frilled lizards
  A goblin skeleton (D:9)
  2 goblin zombies (D:9)
  2 hobgoblin zombies (D:9)
  20 kobolds
  5 orc skeletons (D:9)
  15 orc zombies (D:9)
  5 rats
  3 bushes (D:3)
481 creatures vanquished.

Vanquished Creatures (others)
  A boulder beetle (D:8)
  A komodo dragon (Lair:2)
  38 fungi
  97 plants
137 creatures vanquished.

Grand Total: 618 creatures vanquished

Notes
Turn   | Place    | Note
-------+----------+-------------------------------------------
     0 | D:5      | Reached skill level 9 in Stealth
     0 | D:5      | flotson the Gnoll Delver began the quest for the Orb.
     0 | D:5      | Reached XP level 1. HP: 23/23 MP: 1/1
    14 | D:5      | Noticed a wight
    44 | D:4      | Reached XP level 2. HP: 29/29 MP: 2/2
   169 | D:4      | Noticed a necrophage
   350 | D:3      | Reached XP level 3. HP: 34/35 MP: 3/3
   414 | D:3      | Found a transporter.
   417 | D:3      | Noticed Dittersdorf's ghost (amateur GrFi)
   556 | D:1      | Reached skill level 1 in Invocations
   807 | D:1      | Found Osakh's Book Shop.
   815 | D:1      | Reached skill level 1 in Short Blades
   815 | D:1      | Reached skill level 1 in Long Blades
   815 | D:1      | Reached skill level 1 in Axes
   815 | D:1      | Reached skill level 1 in Maces & Flails
   815 | D:1      | Reached skill level 1 in Staves
   815 | D:1      | Reached skill level 1 in Slings
   815 | D:1      | Reached skill level 1 in Bows
   815 | D:1      | Reached skill level 1 in Crossbows
   815 | D:1      | Reached skill level 1 in Throwing
   815 | D:1      | Reached skill level 1 in Armour
   815 | D:1      | Reached skill level 1 in Shields
   815 | D:1      | Reached skill level 1 in Unarmed Combat
   815 | D:1      | Reached skill level 1 in Spellcasting
   815 | D:1      | Reached skill level 1 in Evocations
   985 | D:1      | Found a faded altar of an unknown god.
  1437 | D:2      | Reached XP level 4. HP: 41/41 MP: 5/5
  1882 | D:2      | Found a runed translucent door.
  1883 | D:2      | Noticed Crazy Yiuf
  1889 | D:2      | Killed Crazy Yiuf
  1890 | D:2      | Reached skill level 1 in Conjurations
  1890 | D:2      | Reached skill level 1 in Hexes
  1890 | D:2      | Reached skill level 1 in Summonings
  1890 | D:2      | Reached skill level 1 in Necromancy
  1890 | D:2      | Reached skill level 1 in Translocations
  1890 | D:2      | Reached skill level 1 in Transmutations
  1890 | D:2      | Reached skill level 1 in Fire Magic
  1890 | D:2      | Reached skill level 1 in Ice Magic
  1890 | D:2      | Reached skill level 1 in Air Magic
  1890 | D:2      | Reached skill level 1 in Earth Magic
  1890 | D:2      | Reached skill level 1 in Poison Magic
  2185 | D:2      | Reached XP level 5. HP: 19/47 MP: 6/6
  2649 | D:3      | Found a hide-covered altar of Uskayaw.
  2690 | D:3      | Found a transporter.
  2723 | D:3      | Found a basalt altar of Yredelemnul.
  2889 | D:3      | Noticed Robin
  2916 | D:3      | Killed Robin
  3081 | D:3      | Found a white marble altar of Elyvilon.
  3602 | D:4      | Found Hedocaeg's Assorted Antiques.
  3817 | D:4      | Reached XP level 6. HP: 53/53 MP: 8/8
  3834 | D:4      | Killed a necrophage
  3835 | D:4      | Reached skill level 5 in Polearms
  3835 | D:4      | Reached skill level 5 in Dodging
  3982 | D:4      | Reached XP level 7. HP: 47/59 MP: 10/10
  5463 | D:5      | Reached skill level 10 in Stealth
  5470 | D:5      | Reached XP level 8. HP: 67/67 MP: 12/12
  6516 | D:6      | Reached XP level 9. HP: 57/72 MP: 14/14
  6741 | D:6      | Found a burning altar of Makhleb.
  6805 | D:6      | Found a stormy altar of Qazlal.
  7483 | D:7      | Found Fabokh's General Store.
  7711 | D:6      | Reached skill level 5 in Invocations
  7820 | D:7      | Found a shadowy altar of Dithmenos.
  7999 | D:7      | Found a staircase to the Ecumenical Temple.
  8010 | Temple   | Entered the Ecumenical Temple
  8142 | Temple   | Became a worshipper of Warmaster Okawaru
  8246 | D:7      | Reached XP level 10. HP: 73/80 MP: 17/17
  8395 | D:8      | Found an ornate altar of the Wu Jian Council.
  8397 | D:8      | Found a glowing silver altar of Zin.
  8401 | D:8      | Noticed a two-headed ogre
  8478 | D:8      | Reached skill level 5 in Short Blades
  8478 | D:8      | Reached skill level 5 in Long Blades
  8478 | D:8      | Reached skill level 5 in Axes
  8478 | D:8      | Reached skill level 5 in Maces & Flails
  8478 | D:8      | Reached skill level 5 in Staves
  8478 | D:8      | Reached skill level 5 in Slings
  8478 | D:8      | Reached skill level 5 in Bows
  8478 | D:8      | Reached skill level 5 in Crossbows
  8478 | D:8      | Reached skill level 5 in Throwing
  8478 | D:8      | Reached skill level 5 in Armour
  8478 | D:8      | Reached skill level 5 in Shields
  8478 | D:8      | Reached skill level 5 in Unarmed Combat
  8478 | D:8      | Reached skill level 5 in Spellcasting
  8478 | D:8      | Reached skill level 5 in Evocations
  8551 | D:8      | Found Vueczih's General Store.
  8559 | D:8      | Bought a scroll of teleportation for 42 gold pieces
  8683 | D:8      | Noticed a green ugly thing
  8690 | D:8      | Killed a green ugly thing
  8690 | D:8      | Reached * piety under Okawaru
  8815 | D:8      | Reached ** piety under Okawaru
  8990 | D:8      | Noticed a boulder beetle
  9010 | D:8      | Killed a boulder beetle
  9011 | D:8      | Reached skill level 11 in Stealth
  9104 | D:8      | Killed a two-headed ogre
  9104 | D:8      | Reached *** piety under Okawaru
  9105 | D:8      | Reached XP level 11. HP: 61/87 MP: 19/19
  9732 | D:9      | Found a staircase to the Orcish Mines.
  9782 | D:9      | Reached skill level 5 in Conjurations
  9782 | D:9      | Reached skill level 5 in Hexes
  9782 | D:9      | Reached skill level 5 in Summonings
  9782 | D:9      | Reached skill level 5 in Necromancy
  9782 | D:9      | Reached skill level 5 in Translocations
  9782 | D:9      | Reached skill level 5 in Transmutations
  9782 | D:9      | Reached skill level 5 in Fire Magic
  9782 | D:9      | Reached skill level 5 in Ice Magic
  9782 | D:9      | Reached skill level 5 in Air Magic
  9782 | D:9      | Reached skill level 5 in Earth Magic
  9782 | D:9      | Reached skill level 5 in Poison Magic
  9910 | D:9      | Found a runed translucent gate.
  9910 | D:9      | Found a runed translucent gate.
  9910 | D:9      | Found a runed translucent gate.
  9910 | D:9      | Noticed Dvallin's ghost (novice MiBe)
 10123 | D:9      | Noticed a cyclops
 10135 | D:9      | Killed a cyclops
 10135 | D:9      | Received a gift from Okawaru
 10136 | D:9      | Noticed a centaur warrior
 10178 | D:9      | Killed a centaur warrior
 10234 | D:9      | Noticed a deep elf pyromancer
 10239 | D:9      | Noticed a boulder beetle
 10245 | D:9      | Killed a deep elf pyromancer
 10285 | D:9      | Killed a boulder beetle
 10343 | D:9      | Identified the ring of Optimism {Fly rF+ rCorr}
 10470 | D:10     | Entered Level 10 of the Dungeon
 10701 | D:10     | Noticed a fire dragon
 10794 | D:10     | Found an ancient bone altar of Kikubaaqudgha.
 10804 | D:10     | Found a radiant altar of Vehumet.
 10819 | D:10     | Found a shimmering blue altar of Sif Muna.
 11051 | D:10     | Reached **** piety under Okawaru
 11209 | D:10     | You fall into a shaft and drop 3 floors!
 11245 | D:13     | Found Cali's General Store.
 11251 | D:13     | Bought a scroll of identify for 32 gold pieces
 11251 | D:13     | Bought a scroll of noise for 16 gold pieces
 11297 | D:11     | Found a staircase to the Lair.
 11331 | D:11     | Received a gift from Okawaru
 11434 | D:10     | Killed a fire dragon
 11435 | D:10     | Reached XP level 12. HP: 42/96 MP: 22/22
 11551 | D:10     | Received a gift from Okawaru
 11728 | D:11     | Found Cuitug's Armour Shoppe.
 12011 | D:11     | Reached ***** piety under Okawaru
 12122 | D:11     | Received a gift from Okawaru
 12486 | D:11     | Noticed a two-headed ogre
 12502 | D:11     | Killed a two-headed ogre
 12502 | D:11     | Received a gift from Okawaru
 12714 | Lair:1   | Entered Level 1 of the Lair of Beasts
 12762 | Lair:1   | Found a runed translucent door.
 12762 | Lair:1   | Noticed Alvadar's ghost (journeyman DgTm)
 12872 | Lair:1   | Identified the +1 halberd of the Endless March {vamp, rPois
                  | Str+2}
 12882 | Lair:1   | Noticed a four-headed hydra
 12890 | Lair:1   | Killed a four-headed hydra
 12891 | Lair:1   | Reached skill level 10 in Fighting
 13128 | Lair:1   | Received a gift from Okawaru
 13333 | Lair:1   | Reached skill level 12 in Stealth
 13529 | Lair:2   | You fall into a shaft and drop 1 floor!
 13661 | Lair:2   | Found a dark tunnel.
 13671 | Volcano  | Entered a volcano
 13920 | Volcano  | Noticed a two-headed ogre
 13920 | Volcano  | Noticed a two-headed ogre
 13924 | Volcano  | Killed a two-headed ogre
 13932 | Volcano  | Killed a two-headed ogre
 13933 | Volcano  | Reached XP level 13. HP: 46/103 MP: 24/24
 13935 | Volcano  | Received a gift from Okawaru
 16106 | D:11     | Bought the +3 helmet of Makhleb's Outrage {rF+ Slay+2} for
                  | 670 gold pieces
 16314 | Lair:3   | Received a gift from Okawaru
 16474 | Lair:3   | You fall into a shaft and drop 3 floors!
 16474 | Lair:6   | Entered Level 6 of the Lair of Beasts
 16930 | Lair:6   | Identified the +1 chain mail of Muoj {rF+ rN+} (Okawaru
                  | gifted it to you on level 6 of the Lair of Beasts)
 16930 | Lair:6   | Received a gift from Okawaru
 17585 | Lair:6   | Reached XP level 14. HP: 91/111 MP: 24/26
 17630 | Lair:6   | Reached skill level 10 in Polearms
 17630 | Lair:6   | Reached skill level 10 in Dodging
 18343 | Lair:3   | Received a gift from Okawaru
 18365 | Lair:3   | Reached skill level 10 in Invocations
 18692 | Lair:3   | Found a hole to the Spider Nest.
 19063 | Lair:4   | Received a gift from Okawaru
 19601 | Lair:4   | Noticed Kirke
 19988 | Lair:4   | Received a gift from Okawaru
 20110 | Lair:4   | Slain by a lindwurm

Illustrated notes

Levels and vault maps discovered:
D:1:      lordsloth_arrival_two_stooges, layout_basic,
          hellmonk_ecumenical_altar_leap_of_faith, serial_shops,
          nicolae_shop_stone
D:2:      layout_loops_corners, uniq_crazy_yiuf_cottage
D:3:      layout_loops_ring, kennysheep_ying_yang, lemuel_crystal_altar,
          gammafunk_ghost_stat_death, lexackson_kobold_supper, uniq_robin
D:4:      minmay_recursive_quarters, layout_basic, serial_shops, shop
D:5:      layout_gridville
D:6:      layout_loops_cross, lightli_temple_of_fire,
          nicolae_qazlal_general_emergency, minivault_23,
          hellmonk_bongcloud_opening
D:7:      layout_gridville, nicolae_dithmenos_the_darkroom,
          minmay_temple_entry_glass, serial_shops,
          nicolae_shop_temple_entry_statues_fountains
D:8:      hangedman_cross_stitches, layout_loops_cross, jmf_multi_god_temple,
          serial_shops, shop
D:9:      layout_loops_ring, zombieorc2_lemuel, gammafunk_ghost_necromancy,
          serial_undead, serial_undead_c, serial_undead_a, serial_undead_a,
          serial_undead_e, minmay_diamond_spiral
D:10:     layout_stronghold, palyth_temple_overflow_mages,
          kennysheep_island_fort
D:11:     layout_stronghold, minmay_lair_entry_grove, serial_shops,
          nicolae_shop_statue_plus, kennysheep_generic_room_16
D:12:     hangedman_cross_cluster, layout_rooms, hive_lemuel
D:13:     layout_layer_cave, erik_vaults_2, serial_shops, shop, kennysheep_mini,
          nicolae_shop_statue_plus, uniq_sonja
Temple:   minmay_temple_curvy_loop
Lair:1:   layout_regular_city, hellmonk_ghost_happy_afterlife,
          hangedman_lair_unloving_vines, bh_autumn_forest_stairs
Lair:2:   layout_hall_layers, nicolae_volcano_entry_batcave,
          chequers_serial_rivers_micro_d, st_stairs_8, lemuel_old_faithful,
          grunt_megastairs_5
Lair:3:   layout_roguey, nicolae_spider_entry_non_spiders
Lair:4:   wad_woods_structure_01, layout_cave_shapes,
          minmay_swamp_entry_reptiles, lemuel_fruit_fields, uniq_kirke
Lair:5:   layout_layer_cave, slime_altar_2
Lair:6:   minmay_lair_end_enchanted_forest, layout_gridlike,
          infiniplex_staircase_pool_2, minmay_lair_oklob_chamber,
          serial_bayou_shore_a, lemuel_fruit_tree

Skill      XL: |  1  2  3  4  5  6  7  8  9 10 11 12 13 14 |
---------------+-------------------------------------------+-----
Stealth        | 10 11 12 | 12.9
Invocations    | 1 2 3 4 5 6 7 8 9 10 | 10.1
Short Blades   | 1 2 3 4 5 6 7 8 9 |  9.3
Long Blades    | 1 2 3 4 5 6 7 8 9 |  9.3
Axes           | 1 2 3 4 5 6 7 8 9 |  9.3
Maces & Flails | 1 2 3 4 5 6 7 8 9 |  9.3
Staves         | 1 2 3 4 5 6 7 8 9 |  9.3
Slings         | 1 2 3 4 5 6 7 8 9 |  9.3
Bows           | 1 2 3 4 5 6 7 8 9 |  9.3
Crossbows      | 1 2 3 4 5 6 7 8 9 |  9.3
Throwing       | 1 2 3 4 5 6 7 8 9 |  9.3
Armour         | 1 2 3 4 5 6 7 8 9 |  9.3
Shields        | 1 2 3 4 5 6 7 8 9 |  9.3
Unarmed Combat | 1 2 3 4 5 6 7 8 9 |  9.3
Spellcasting   | 1 2 3 4 5 6 7 8 9 |  9.3
Evocations     | 1 2 3 4 5 6 7 8 9 |  9.3
Conjurations   | 1 2 3 4 5 6 7 |  7.8
Hexes          | 1 2 3 4 5 6 7 |  7.8
Summonings     | 1 2 3 4 5 6 7 |  7.8
Necromancy     | 1 2 3 4 5 6 7 |  7.8
Translocations | 1 2 3 4 5 6 7 |  7.8
Transmutations | 1 2 3 4 5 6 7 |  7.8
Fire Magic     | 1 2 3 4 5 6 7 |  7.8
Ice Magic      | 1 2 3 4 5 6 7 |  7.8
Air Magic      | 1 2 3 4 5 6 7 |  7.8
Earth Magic    | 1 2 3 4 5 6 7 |  7.8
Poison Magic   | 1 2 3 4 5 6 7 |  7.8
Polearms       | 5 6 7 8 9 10 | 10.3
Dodging        | 5 6 7 8 9 10 | 10.3
Fighting       | 7 8 9 10 11 | 11.2

Action                   |  1- 3 |  4- 6 |  7- 9 | 10-12 | 13-15 || total
-------------------------+-------+-------+-------+-------+-------++-------
Melee: Spear             |   112 |       |       |       |       ||   112
       Bite              |    10 |    32 |    15 |    83 |    43 ||   183
       Trident           |     1 |     7 |       |       |       ||     8
       Quarterstaff      |       |   210 |   204 |   320 |       ||   734
       Broad axe         |       |       |       |   305 |   310 ||   615
       Unarmed           |       |       |       |       |    34 ||    34
 Fire: Hand crossbow     |       |       |   165 |    23 |    94 ||   282
Throw: Dart              |       |       |     2 |     6 |     2 ||    10
Invok: Heroism           |       |       |       |    34 |    30 ||    64
Evoke: Wand              |       |       |     7 |     8 |     1 ||    16
  Use: Scroll            |       |       |     1 |    21 |     8 ||    30
       Potion            |       |       |     1 |       |     1 ||     2
 Stab: Sleeping          |    21 |     3 |     2 |    18 |     4 ||    48
       Distracted        |       |       |     2 |       |     1 ||     3
       Paralysed         |       |       |     2 |     8 |       ||    10
       Confused          |       |       |     1 |     1 |       ||     2
       Petrifying        |       |       |       |     2 |       ||     2
Armor: Leather armour    |     8 |       |       |       |       ||     8
       Ring mail         |    15 |    38 |   172 |    21 |       ||   246
       Acid dragon scale |       |       |       |   175 |       ||   175
       Fire dragon scale |       |       |       |    71 |   135 ||   206
       Chain mail        |       |       |       |       |     9 ||     9
Dodge: Dodged            |    40 |    78 |   230 |   431 |   236 ||  1015
Block: Kite shield       |       |       |       |   225 |   244 ||   469

Table legend: (Time is in decaauts)
 A = Elapsed time spent in this place.
 B = Non-inter-level travel time spent in this place.
 C = Inter-level travel time spent in this place.
 D = Time resting spent in this place.
 E = Time spent auto-exploring this place.
 F = Levels seen in this place.
 G = Mean time per level.
                   A        B        C        D        E       F      G
               +--------+--------+--------+--------+--------+-----+--------+
         Total |  20199 |  18935 |   1264 |   2070 |  12598 |  21 |  961.9 |
       Dungeon |  12778 |  11798 |    980 |    457 |   8419 |  13 |  982.9 |
        Temple |    143 |    132 |     11 |      0 |    127 |   1 |  143.0 |
          Lair |   6144 |   5871 |    273 |    830 |   3971 |   6 | 1024.0 |
       Volcano |   1132 |   1132 |      0 |    783 |     81 |   1 | 1132.0 |
               +--------+--------+--------+--------+--------+-----+--------+

Top non-repeatable levels by time:
     D:4: 1849 daAuts
  Lair:3: 1453 daAuts
     D:2: 1402 daAuts
     D:3: 1374 daAuts
  Lair:6: 1373 daAuts
  Lair:2: 1347 daAuts
    D:11: 1261 daAuts
 Volcano: 1132 daAuts
     D:5: 1129 daAuts
  Lair:4: 1063 daAuts
    D:10: 1044 daAuts
     D:9: 1033 daAuts
     D:8: 982 daAuts
     D:6: 962 daAuts
  Lair:1: 901 daAuts
